Map: Apotheosis LE

Players

Fropez - Winner!

  • Race: Protoss Protoss
  • League: Gold
  • Spawn Location: 11:00

CAPVAM

  • Race: Terran Terran
  • League: Gold
  • Spawn Location: 5:00

VOD

Have the link to the VOD?

Description

Time

  • Played on: Oct. 7, 2016, 11:20 a.m.
  • Length: 19:34
Show
View Real Time Build Order
Export as new Build Order

Fropez Protoss - Winner!

Build Orders: 1 Gate Expand 

Get SALT Encoding   

  12  0:01  Probe (Chrono Boost)  
  13  0:18  Probe (Chrono Boost)  
  13  0:19  Pylon  
  14  0:29  Probe (Chrono Boost)  
  15  0:40  Probe (Chrono Boost), Gateway  
  16  0:50  Probe (Chrono Boost)  
  16  0:53  Assimilator  
  17  1:01  Probe (Chrono Boost)  
  19  1:11  Probe (Chrono Boost)  
  19  1:22  Probe (Chrono Boost)  
  20  1:28  Nexus  
  20  1:38  Probe (Chrono Boost)  
  21  1:44  Cybernetics Core  
  21  1:49  Probe (Chrono Boost)  
  21  1:59  Probe (Chrono Boost)  
  21  2:00  Assimilator  
  22  2:10  Probe (Chrono Boost), Gateway  
  23  2:36  Pylon  
  23  2:39  Stalker (Chrono Boost)  
  23  2:40  Pylon, Mothership Core (Chrono Boost)  
  23  2:43  Probe (Chrono Boost)  
  28  2:52  Probe (Chrono Boost)  
  29  3:05  Probe  
  30  3:09  Probe, Stalker (Chrono Boost)  
  33  3:15  Stalker (Chrono Boost), Warp Gate (Chrono Boost)  
  33  3:17  Probe  
  36  3:37  Stalker  
  38  3:42  Stalker  
  40  3:51  Gateway  
  40  3:52  Probe, Gateway  
  40  3:55  Pylon, Probe  
  42  3:58  Assimilator  
  42  4:03  Twilight Council  
  42  4:04  Probe  
  42  4:09  Stalker  
  45  4:13  Probe  
  45  4:16  Pylon  
  46  4:30  Probe  
  47  4:33  Robotics Facility  
  47  4:34  Pylon  
  51  4:51  Pylon  
  51  4:53  Adept  
  51  4:54  Pylon  
  51  5:00  Blink (Chrono Boost)  
  51  5:02  Adept  
  51  5:03  Probe x2  
  53  5:15  Probe  
  53  5:16  Stalker x2  
  53  5:19  Pylon, Probe  
  59  5:24  Assimilator  
  59  5:26  Pylon  
  59  5:27  Probe  
  59  5:28  Pylon, Observer (Chrono Boost)  
  61  5:31  Probe  
  62  5:38  Pylon  
  62  5:39  Probe  
  63  5:48  Observer (Chrono Boost)  
  62  5:53  Stalker x4  
  58  6:12  Probe x2  
  60  6:19  Stalker x4  
  60  6:24  Probe  
  69  6:26  Probe  
  70  6:36  Probe  
  70  6:39  Probe  
  72  6:42  Nexus  
  72  6:45  Assimilator  
  72  6:47  Assimilator  
  72  6:48  Probe  
  72  6:51  Pylon  
  72  6:52  Probe  
  74  6:56  Stalker x4  
  78  7:04  Forge  
  78  7:05  Pylon  
  76  7:22  Probe x2  
  76  7:25  Stalker x4  
  76  7:27  Observer (Chrono Boost)  
  85  7:46  Pylon  
  85  7:53  Protoss Ground Weapons Level 1 (Chrono Boost)  
  85  7:56  Warp Prism  
  87  7:59  Stalker  
  87  8:00  Stalker x2  
  87  8:04  Probe  
  87  8:05  Probe  
  95  8:08  Probe  
  96  8:14  Robotics Bay  
  96  8:20  Probe  
  96  8:22  Stalker  
  96  8:23  Probe  
  100  8:36  Gateway  
  100  8:37  Probe x2  
  100  8:38  Gateway  
  100  8:39  Observer (Chrono Boost)  
  100  8:40  Gateway  
  103  8:41  Gateway  
  103  8:50  Probe  
  104  8:59  Stalker x4  
  112  9:06  Probe  
  113  9:20  Protoss Ground Weapons Level 2  
  113  9:25  Adept x4  
  121  9:36  Probe x3  
  124  9:40  Observer Gravitic Boosters (Chrono Boost)  
  120  9:48  Probe x2  
  118  10:01  Adept x4  
  118  10:02  Adept x4  
  118  10:03  Probe x2  
  118  10:05  Probe  
  137  10:15  Probe x2  
  137  10:17  Disruptor (Chrono Boost), Probe  
  143  10:23  Stalker x2  
  143  10:24  Stalker x2  
  143  10:27  Probe x2  
  153  10:30  Nexus  
  153  10:31  Assimilator  
  153  10:36  Assimilator  
  153  10:38  Pylon  
  153  10:39  Pylon x2  
  153  10:41  Pylon  
  153  10:43  Probe x2  
  153  10:44  Pylon  
  153  10:46  Pylon  
  153  10:47  Adept  
  157  10:51  Pylon  
  157  11:02  Adept  
  157  11:03  Adept x5  
  169  11:52  Adept x2  
  169  11:53  Adept x5  
  151  12:22  Gateway  
  139  12:23  Gateway  
  139  12:24  Gateway  
  139  12:29  Protoss Ground Weapons Level 3  
  139  12:30  Gateway  
  139  12:32  Charge  
  139  12:33  Gateway x2  
  139  12:36  Gateway  
  139  12:37  Probe, Gateway  
  139  12:39  Gateway  
  140  12:54  Stalker x2  
  144  13:05  Probe x2  
  146  13:07  Gravitic Drive  
  146  13:14  Adept x5  
  156  13:21  Pylon  
  156  13:25  Pylon  
  156  13:41  Templar Archives  
  156  13:52  Observer (Chrono Boost)  
  157  13:59  Resonating Glaives  
  136  14:06  Nexus  
  136  14:09  Assimilator  
  112  14:12  Assimilator  
  112  14:15  Pylon  
  94  14:51  Protoss Shields Level 1  
  94  14:53  High Templar x6  
  94  14:54  High Templar x6  
  94  14:55  High Templar x4  
  94  14:57  Psionic Storm  
  94  14:58  Archon  
  94  14:59  Archon x6  
  126  15:00  Archon  
  126  15:03  Nexus  
  126  15:06  Assimilator  
  126  15:10  Assimilator  
  126  15:12  Pylon  
  126  15:15  Pylon  
  124  15:45  Adept x2  
  124  15:46  Adept x6  
  124  15:47  Adept x5  
  138  16:08  Observer  
  138  16:10  Stalker x2  
  138  16:11  Stalker x5  
  124  16:38  Probe x2  
  125  17:00  Pylon  
  121  17:02  Pylon  
  121  17:05  Pylon  
  109  17:10  Pylon  
  109  17:12  Pylon  
  109  17:13  High Templar  
  109  17:14  High Templar x6  
  109  17:15  High Templar, Pylon  
  109  17:18  Archon x2  
  109  17:19  Archon x2  
  95  17:34  Adept x3  
  95  17:35  Adept x6  
  105  18:10  Zealot x4  
  105  18:11  Zealot x4  
  105  18:12  Zealot x6  
  131  18:13  Zealot x3  
  133  18:29  Nexus  
  133  18:31  Assimilator  
  133  18:33  Assimilator  
  125  18:37  Pylon  
  117  19:01  Adept x3  
  117  19:02  Adept x6  
  131  19:03  Adept x6  
  131  19:04  Adept x2  
Show
View Real Time Build Order
Export as new Build Order

CAPVAM Terran 

Build Orders:  

Get SALT Encoding   

  12  0:10  Supply Depot  
  12  0:32  Refinery  
  12  0:35  Barracks  
  12  0:42  Refinery  
  12  0:55  Barracks  
  12  0:58  Refinery  
  12  1:03  SCV  
  13  1:15  SCV  
  14  1:29  SCV  
  15  1:44  Reaper x2  
  17  1:56  SCV  
  18  2:10  Supply Depot  
  18  2:15  SCV  
  19  2:16  Reaper x2  
  21  2:27  SCV  
  22  2:36  Factory  
  22  2:48  Reaper x2  
  22  3:08  SCV  
  23  3:20  SCV, Reaper x2  
  26  3:46  Widow Mine  
  28  3:52  Reaper x2  
  30  3:56  Starport  
  30  4:10  SCV  
  30  4:15  Supply Depot  
  31  4:34  Starport  
  31  4:37  SCV, Reaper x2  
  34  5:08  Starport Tech Lab  
  34  5:09  Widow Mine, Reaper x2  
  38  5:15  Starport Tech Lab  
  38  5:17  Supply Depot  
  38  5:18  SCV  
  39  5:35  Cloaking Field  
  39  5:38  Banshee x2  
  31  6:32  Banshee  
  31  6:33  Banshee  
  37  7:02  Command Center  
  34  7:16  Barracks Tech Lab  
  34  7:17  Barracks Tech Lab  
  34  7:29  Widow Mine  
  36  7:42  Marauder x2  
  40  7:56  Engineering Bay  
  40  7:58  Widow Mine  
  42  8:03  SCV, Marauder  
  42  8:04  Marauder  
  42  8:05  Engineering Bay  
  47  8:17  Barracks  
  47  8:20  SCV, Barracks  
  47  8:25  Marauder x2  
  52  8:32  SCV  
  53  8:44  SCV  
  53  8:46  Marauder x2  
  58  8:54  Missile Turret  
  58  9:00  Concussive Shells  
  58  9:03  Terran Infantry Weapons Level 1  
  58  9:05  SCV  
  58  9:07  Marauder  
  61  9:12  Supply Depot  
  61  9:15  Barracks Tech Lab x2  
  61  9:17  SCV  
  62  9:20  Terran Infantry Armor Level 1  
  62  9:29  Refinery  
  62  9:31  Refinery  
  62  9:34  Marauder  
  62  9:35  Planetary Fortress  
  63  10:06  Marauder x3  
  69  10:12  Supply Depot  
  69  10:17  Supply Depot, Armory  
  69  10:18  SCV  
  70  10:27  Missile Turret  
  70  10:34  SCV x2, Marauder  
  74  10:39  Marauder  
  74  10:40  Marauder  
  78  10:45  Marauder  
  78  10:46  SCV  
  81  10:51  SCV  
  81  10:56  Supply Depot  
  82  11:01  Supply Depot  
  82  11:05  Orbital Command  
  82  11:10  Marauder  
  84  11:14  Marauder  
  85  11:27  SCV  
  76  11:34  SCV  
  74  11:40  SCV  
  71  11:52  SCV  
  66  12:04  Marauder x4  
  74  12:13  Supply Depot  
  74  12:31  Marauder x2  
  74  12:34  SCV  
  74  12:35  Marauder  
  81  12:47  SCV, Reaper  
  83  12:53  Reaper x2  
  83  12:56  Reaper  
  86  12:59  Terran Infantry Weapons Level 2  
  86  13:01  Terran Infantry Armor Level 2  
  86  13:08  Supply Depot  
  86  13:30  SCV  
  90  13:35  Marauder  
  90  13:36  Marauder x2  
  93  14:04  Marauder x2  
  93  14:07  Marauder  
  93  14:08  Marauder  
  89  14:26  Command Center  
  89  14:28  Marauder  
  91  14:46  Missile Turret  
  91  14:49  Supply Depot  
  91  15:02  Medivac  
  93  15:11  Medivac  
  93  15:12  Supply Depot  
  93  15:13  Marauder x3  
  101  15:26  Marauder  
  102  15:33  Medivac  
  102  15:34  Marauder  
  106  15:41  Medivac  
  108  16:09  SCV  
  109  16:22  SCV  
  104  16:34  SCV  
  102  16:46  Marauder x4  
  109  17:07  Marauder x2  
  109  17:08  Marauder x2  
  61  18:17  Marauder x3  
  55  18:38  Marauder x3  
  48  19:17  Command Center  
Tags
 
League
GoldGold
Matchup
PvT
Replay Pack
All Mines
Spawn Locations
Cross Positions
Add a new tag
Caveats
  • Supply blocks, unpowered buildings, or Contaminate may cause inaccurate times.
  • Supply counts are checked every 10 seconds.